 Dungeon Crawl Stone Soup version 0.31-a0-690-g7ce4588941 (webtiles) character file.

Game seed: 7775130319397879504

577 Gargoyl the Chopper (level 7, -16/66 HPs)
             Began as a Gargoyle Berserker on Sept 6, 2023.
             Was a Believer of Trog.
             Engulfed by a cloud of flame (26 damage)
             ... on level 4 of the Dungeon.
             The game lasted 00:04:06 (3095 turns).

Gargoyl the Chopper (Gargoyle Berserker)            Turns: 3095, Time: 00:04:07

Health: -16/66     AC: 23    Str: 20    XL:     7   Next: 35%
Magic:  7/7        EV:  2    Int:  8    God:    Trog [**....]
Gold:   154        SH:  0    Dex: 11    Spells: 6/6 levels left

rFire   . . .        a - +0 hand axe
rCold   . . .        (no shield)
rNeg    + . .        e - melded +0 chain mail
rPois   ∞            (helmet currently unavailable)
rElec   .            p - melded +0 cloak
rCorr   .            (gloves currently unavailable)
SInv    .            g - melded +0 pair of boots
Will    .....        b - amulet of the acrobat
Stlth   +            (no ring)
HPRegen 0.31/turn    (no ring)
MPRegen 0.10/turn

%: acrobat
@: tree-form, acrobatic
A: stationary, stasis, torment immunity, boosted hp, sickness immunity, AC +4,
negative energy resistance 1, (electricity resistance), torment resistance 1,
petrification resistance
a: Renounce Religion, Berserk, Trog's Hand


You were on level 4 of the Dungeon.
You worshipped Trog.
Trog was pleased with you.
You were a tree.
You visited 1 branch of the dungeon, and saw 4 of its levels.

You collected 154 gold pieces.

Inventory:

Hand Weapons
 a - a +0 hand axe (weapon)
Armour
 e - a +0 chain mail (melded)
 g - a +0 pair of boots (melded)
 h - a scarf of repulsion
 p - a +0 cloak (melded)
Jewellery
 b - an amulet of the acrobat (around neck)
Wands
 k - a wand of flame (26)
Scrolls
 i - a scroll of blinking
 l - a scroll of immolation
 q - a scroll of brand weapon {unknown}
 r - a scroll of teleportation {unknown}
 s - a scroll of enchant armour {unknown}
Potions
 c - 2 potions of lignification
 d - 2 potions of magic {unknown}
 f - a potion of might {unknown}
 j - a potion of cancellation {unknown}
 m - a potion of resistance {unknown}
 n - a potion of heal wounds {unknown}
 o - 2 potions of curing {unknown}


   Skills:
 + Level 4.4 Fighting
 + Level 6.1 Axes
 + Level 3.8 Armour
 + Level 2.4 Dodging
 + Level 0.1 Stealth


You had 6 spell levels left.
You didn't know any spells.
Your spell library was empty.

Dungeon Overview and Level Annotations

Branches:
Dungeon (4/15)
 Temple: D:4-7

Altars:
Uskayaw


Innate Abilities, Weirdness & Mutations

You are a tree.
Your roots penetrate the ground, keeping you stationary.
You cannot be teleported.
You are immune to unholy pain and torment.
Your maximum health is greatly increased.
Your equipment is partially melded.
You are immune to sickness and miasma.
((Your stone body is resilient. (AC +4)))
You are immune to poison.
You resist negative energy. (rN+)
((You are resistant to electric shocks. (rElec)))
You are resistant to unholy torment.
You are immune to petrification.


Message History

Press: ? - help, Dir - move target A goblin comes into view.
It is wielding a +0 dagger.
Found a war axe.
As you read the scroll labelled FIGRUA SYUX, it crumbles to dust.
It was a scroll of blinking.
The goblin shouts!
As you read the scroll labelled TUOJAA UGOTSIL, it crumbles to dust.
The creatures around you are filled with an inner flame!
It was a scroll of immolation.
You turn into a tree.
Your +0 cloak melds into your body.
Your +0 pair of boots melds into your body.
Your +0 chain mail melds into your body.
Your roots penetrate the ground.
Unknown command.
You hit the goblin. Trog accepts your kill.
The goblin explodes!
The fiery explosion engulfs you but does no damage.
You are engulfed in blazing flames.
Unknown command.
You cannot move.
Unknown command.
You are engulfed in blazing flames.
Unknown command.
You are engulfed in blazing flames.
Unknown command.
You are engulfed in blazing flames.
Unknown command.
You are engulfed in blazing flames.
Unknown command.
You are engulfed in blazing flames.
* * * LOW HITPOINT WARNING * * *
Unknown command.
You are engulfed in blazing flames.
Unknown command.
You are engulfed in blazing flames.
* * * LOW HITPOINT WARNING * * *
Unknown command.
You are engulfed in blazing flames.
You die...

...... )# #
#..#.# .#
#.##.......
....$.#.
#.##.....
........# #.
#☼# .#.
#.#####)#
#.#
#......♣###
#.#
###.......#
#.#
#.......#
#.#
#..(....#
#.#
#.......#
##.##
#.......#
#...#
#.......#
##.##
###†#####
#<#######.##


There were no monsters in sight!

Vanquished Creatures
  A hornet (D:4)
  An ogre (D:4)
  A scorpion (D:4)
  A hound (D:4)
  Crazy Yiuf (D:3)
  Ijyb (D:3)
  An iguana (D:4)
  3 gnolls (D:3)
  4 adders
  A worm (D:4)
  4 dart slugs
  6 endoplasms
  4 giant cockroaches
  7 goblins
  6 hobgoblins
  4 quokkas
  9 ball pythons
  6 bats
  3 frilled lizards (D:1)
  9 kobolds
  5 rats
78 creatures vanquished.

Notes
Turn   | Place    | Note
-------+----------+-------------------------------------------
     0 | D:1      | Gargoyl the Gargoyle Berserker began the quest for the Orb.
     0 | D:1      | Reached XP level 1. HP: 14/14 MP: 1/1
    10 | D:1      | Noticed a centaur
    33 | D:1      | Reached skill level 3 in Axes
    34 | D:1      | Reached XP level 2. HP: 19/19 MP: 2/2
   313 | D:1      | Reached ** piety under Trog
   503 | D:1      | Reached XP level 3. HP: 19/23 MP: 3/3
  1276 | D:2      | You fall into a shaft and drop 2 floors!
  1291 | D:3      | Reached XP level 4. HP: 28/29 MP: 4/4
  1309 | D:3      | Reached skill level 4 in Axes
  1334 | D:3      | Noticed Ijyb
  1357 | D:3      | Killed Ijyb
  1358 | D:3      | Reached XP level 5. HP: 33/33 MP: 5/5
  1478 | D:3      | Found a hide-covered altar of Uskayaw.
  1940 | D:3      | Found a runed translucent door.
  1941 | D:3      | Noticed Crazy Yiuf
  1948 | D:3      | Killed Crazy Yiuf
  2571 | D:4      | Reached skill level 5 in Axes
  2695 | D:4      | Noticed a hornet
  2705 | D:4      | Reached XP level 6. HP: 38/38 MP: 6/6
  2711 | D:4      | Killed a hornet
  2712 | D:4      | Reached XP level 7. HP: 42/44 MP: 7/7
  2848 | D:4      | Reached skill level 6 in Axes
  3095 | D:4      | Engulfed by a cloud of flame

Illustrated notes

Levels and vault maps discovered:
D:1:      evilmike_arrival_come_back, layout_loops_ring
D:2:      layout_basic, ebering_ecumenical_altar_sacrificial
D:3:      layout_loops_corners, general_overflow_altar, uniq_crazy_yiuf_cottage,
          uniq_ijyb
D:4:      layout_loops_cross

Skill      XL: |  1  2  3  4  5  6  7 |
---------------+----------------------+-----
Axes           | 3 4 5 6 |  6.1
Dodging        | 2 |  2.4
Fighting       | 4 |  4.4
Armour         | 3 |  3.8
Stealth        | |  0.1

Action                     |  1- 3 |  4- 6 |  7- 9 || total
---------------------------+-------+-------+-------++-------
  Melee: Hand axe          |   126 |   155 |    31 ||   312
 Invoke: Berserk           |     2 |     4 |     1 ||     7
         Trog's Hand       |       |     1 |     1 ||     2
    Use: Scroll            |     4 |       |     2 ||     6
         Potion            |       |       |     1 ||     1
 Armour: Animal skin       |    52 |       |       ||    52
         Chain mail        |    57 |    96 |    17 ||   170
         Skin              |       |       |    10 ||    10
  Dodge: Dodged            |    98 |    77 |    10 ||   185
         Repelled          |       |     4 |       ||     4

Table legend: (Time is in decaauts)
 A = Elapsed time spent in this place.
 B = Non-inter-level travel time spent in this place.
 C = Inter-level travel time spent in this place.
 D = Time resting spent in this place.
 E = Time spent auto-exploring this place.
 F = Levels seen in this place.
 G = Mean time per level.
                   A        B        C        D        E       F      G
               +--------+--------+--------+--------+--------+-----+--------+
         Total |   3183 |   3133 |     50 |     92 |   2131 |   4 |  795.8 |
       Dungeon |   3183 |   3133 |     50 |     92 |   2131 |   4 |  795.8 |
               +--------+--------+--------+--------+--------+-----+--------+

Top non-repeatable levels by time:
     D:3: 1194 daAuts
     D:1: 892 daAuts
     D:4: 672 daAuts
     D:2: 424 daAuts
